 Dungeon Crawl Stone Soup version 0.21-a0-529-g8c7b3f5 (webtiles) character file.

474 Cricketeer the Chopper (level 6, 0/56 HPs)
             Began as a Minotaur Berserker on Dec 10, 2017.
             Was a Priest of Trog.
             Killed from afar by an orc wizard (5 damage)
             ... with a magic dart
             ... on level 4 of the Dungeon.
             The game lasted 00:10:30 (2970 turns).

Cricketeer the Chopper (Minotaur Berserker)         Turns: 2970, Time: 00:10:30

Health: 0/56       AC:  6    Str: 23    XL:     6   Next: 84%
Magic:  5/5        EV: 11    Int:  4    God:    Trog [***...]
Gold:   128        SH:  3    Dex: 10    Spells: 5/5 levels left

rFire    . . .     SeeInvis .   a - +0 hand axe
rCold    . . .     Gourm    .   k - +0 buckler
rNeg     . . .     Faith    .   p - +0 ring mail (curse)
rPois    .         Spirit   .   (helmet restricted)
rElec    .         Reflect  .   q - scarf {repulsion}
rCorr    .         Harm     .   (no gloves)
MR       .....                  (no boots)
Stlth    ..........             (no amulet)
HPRegen  0.18/turn              (no ring)
MPRegen  0.09/turn              (no ring)

@: berserk cooldown, slowed, repel missiles, very slow
A: retaliatory headbutt, horns 2
a: Berserk, Trog's Hand, Burn Spellbooks, Renounce Religion


You were on level 4 of the Dungeon.
You worshipped Trog.
Trog was most pleased with you.
You were near starving.

You visited 1 branch of the dungeon, and saw 5 of its levels.

You collected 128 gold pieces.

Inventory:

Hand Weapons
 a - a +0 hand axe (weapon)
Armour
 b - a +1 animal skin
 h - a +0 ring mail
 k - a +0 buckler (worn)
 n - a +0 plate armour
 p - a cursed +0 ring mail (worn)
 q - a scarf of repulsion (worn)
Jewellery
 l - an uncursed ring of protection from cold
Scrolls
 o - a scroll of teleportation
Potions
 d - a potion of resistance
 f - 2 potions of mutation
 g - a potion of might
 m - a potion of berserk rage
Comestibles
 c - 2 bread rations
 i - 3 chunks of flesh
 j - 2 meat rations


   Skills:
 + Level 5.3 Fighting
 * Level 6.4 Axes
 + Level 4.5 Armour
 + Level 4.1 Dodging


You had 5 spell levels left.
You didn't know any spells.

Dungeon Overview and Level Annotations

Branches:
Dungeon (5/15)
 Temple: D:4-7

Altars:
Ashenzari
Elyvilon


Innate Abilities, Weirdness & Mutations

You reflexively headbutt those who attack you in melee.
You have a pair of horns on your head.


Message History

An orc comes into view. It is wielding a trident.
The orc shouts!
You climb upwards.
There is a stone staircase leading down here.
You climb downwards.
The orc wizard hits you but does no damage.
The orc hits you from afar with a trident.
There is a stone staircase leading up here.
The orc hits you with a hand axe. The orc wizard hits you with a dagger.
* * * LOW HITPOINT WARNING * * *
The orc completely misses you.
The orc priest calls down the wrath of Beogh upon you.
Beogh smites you!
* * * LOW HITPOINT WARNING * * *
You block the orc's attack.
You climb upwards.
There is a stone staircase leading down here.
The orc wizard casts a spell at you. The magic dart hits you!
You die...

#.#######..#
#.≈≈≈≈≈≈≈..# #########
#.#######..# #.......#
#.#.....#..# #.#####.#
#.###.###..# #.#<....#
#...#.#....# #.#.#####
###.#.#.#..#######.###
####
#.....#.>..........#
#...
##..##.o@o.......#.#
#.##
#.###.###########.###.##
#.###.# #.#..... #.....#
#.#.#.## ########
#.#.#.# #...# #.#.#.#
#.#.######### #.#.#<#
#.#.........# #.#.#.#
#.#########.### #.#^#.#


You could see an orc wizard and an orc.

Vanquished Creatures
  An ice beast (D:5)
  A phantom (D:5)
  A howler monkey (D:4)
  An orc wizard (D:3)
  2 hounds
  An iguana (D:5)
  A hound skeleton (D:4)
  3 adders
  2 oozes
  4 worms
  4 dart slugs
  4 leopard geckos
  5 orcs (D:3)
  3 giant cockroaches
  8 goblins
  9 hobgoblins
  9 jackals
  2 quokkas
  4 bats
  3 frilled lizards
  3 kobolds
  3 rats
74 creatures vanquished.

Notes
Turn   | Place    | Note
-------+----------+-------------------------------------------
     0 | D:1      | Cricketeer the Minotaur Berserker began the quest for the Orb.
     0 | D:1      | Reached XP level 1. HP: 19/19 MP: 0/0
   158 | D:1      | Reached XP level 2. HP: 8/27 MP: 1/1
   496 | D:1      | Reached skill level 4 in Axes
   933 | D:2      | Reached XP level 3. HP: 32/33 MP: 2/2
  1137 | D:2      | Reached ** piety under Trog
  1322 | D:2      | Found a shattered altar of Ashenzari.
  1605 | D:3      | Reached XP level 4. HP: 35/40 MP: 3/3
  1781 | D:3      | Found a white marble altar of Elyvilon.
  2100 | D:3      | Found a faded altar of an unknown god.
  2162 | D:3      | Reached skill level 5 in Axes
  2190 | D:3      | Reached XP level 5. HP: 47/47 MP: 4/4
  2791 | D:4      | Reached XP level 6. HP: 52/55 MP: 5/5
  2900 | D:5      | Entered Level 5 of the Dungeon
  2924 | D:5      | Reached skill level 5 in Fighting
  2924 | D:5      | Reached skill level 6 in Axes
  2941 | D:5      | Noticed an ice beast
  2951 | D:5      | Killed an ice beast
  2951 | D:5      | Reached *** piety under Trog
  2970 | D:4      | Killed from afar by an orc wizard

Vault maps used:
D:1:      dpeg_arrival_boxes_within_box
D:2:      old_standard_altar
D:3:      nicolae_overflow_hidden_temple, chequers_ecumenical_altar_grove
D:4:      grunt_decor_cap
D:5:      kennysheep_mini_moat, marbit_many_paths, first_bread,
          trog_butcher_becter, uniq_pikel, uniq_eustachio

Skill      XL: |  1  2  3  4  5  6 |
---------------+-------------------+-----
Axes           | 4 5 6 |  6.4
Fighting       | 4 5 |  5.3
Armour         | 3 4 |  4.5
Dodging        | 3 4 |  4.1

Action                   |  1- 3 |  4- 6 || total
-------------------------+-------+-------++-------
Melee: Hand axe          |    86 |    92 ||   178
       Headbutt          |    10 |    18 ||    28
Invok: Berserk           |       |     1 ||     1
  Use: Scroll            |     2 |     8 ||    10
  Eat: Chunk             |     2 |     4 ||     6
Armor: Animal skin       |     2 |       ||     2
       Ring mail         |    23 |    28 ||    51
Dodge: Dodged            |    51 |    52 ||   103
Block: Buckler           |     4 |    12 ||    16

Table legend:
 A = Spawn XP
 B = Non-spawn XP
 C = Spawn XP percentage of total XP
 D = Spawn monster count
 E = Non-spawn monster count
 F = Spawn count percentage of total count
 G = Total turns spent on level
                    A         B        C        D         E        F      G
               +---------+---------+-------+---------+---------+-------+---------
         Total |       0 |     678 |   0.0 |       0 |      74 |   0.0 |  2970
               +---------+---------+-------+---------+---------+-------+---------
           D:1 |       0 |      30 |   0.0 |       0 |      13 |   0.0 |   881
           D:2 |       0 |      59 |   0.0 |       0 |      24 |   0.0 |   671
           D:3 |       0 |     146 |   0.0 |       0 |      24 |   0.0 |   854
           D:4 |       0 |     156 |   0.0 |       0 |       9 |   0.0 |   497
           D:5 |       0 |     287 |   0.0 |       0 |       4 |   0.0 |    67
               +---------+---------+-------+---------+---------+-------+---------
